 Dungeon Crawl Stone Soup version 0.29-a0-317-gd16b76e6b1 (webtiles) character file.

Game seed: 10833912014728309297

5523 kae the Arsonist (level 10, -13/59 HPs)
             Began as a Tengu Fire Elementalist on Mar 31, 2022.
             Was a Believer of Vehumet.
             Mangled by a polar bear (25 damage)
             ... on level 8 of the Dungeon.
             The game lasted 00:09:06 (13533 turns).

kae the Arsonist (Tengu Fire Elementalist)         Turns: 13533, Time: 00:09:07

Health: -13/59     AC:  6    Str: 11    XL:     10   Next: 70%
Magic:  8/18       EV: 15    Int: 26    God:    Vehumet [**....]
Gold:   517        SH:  0    Dex: 14    Spells: 13/19 levels left

rFire   . . .      SeeInvis .   m - staff of conjuration
rCold   . . .      Faith    .   n - orb {guile}
rNeg    + . .      Spirit   .   q - +0 ring mail "Lipn" {Str+2}
rPois   .          Reflect  .   (helmet restricted)
rElec   .          Harm     .   (no cloak)
rCorr   .          Rampage  .   (no gloves)
Will    .....      Rage     1%  (boots unavailable)
Stlth   +.........              x - amulet of the acrobat
HPRegen 0.19/turn               l - +6 ring of intelligence
MPRegen 0.16/turn               p - ring of positive energy

@: flying quickly and evasively, quick
A: beak, talons 3, nimble flight, berserk 1
a: Renounce Religion


You were on level 8 of the Dungeon.
You worshipped Vehumet.
Vehumet was pleased with you.
You visited 2 branches of the dungeon, and saw 9 of its levels.

You collected 517 gold pieces.

Inventory:

Hand Weapons
 d - a +1 dagger
Armour
 a - a +1 robe
 n - an orb of guile (worn)
 q - the +0 ring mail "Lipn" (worn) {Str+2}
   (You found it on level 3 of the Dungeon)

   Str:       It affects your strength (+2).
Magical Staves
 m - a staff of conjuration (weapon)
Jewellery
 f - a ring of protection from cold
 l - a +6 ring of intelligence (left hand)
 p - a ring of positive energy (right hand)
 u - an amulet of faith
 x - an amulet of the acrobat (around neck)
Wands
 o - a wand of polymorph (9)
 w - a wand of digging (6)
Scrolls
 c - 7 scrolls of teleportation
 e - 2 scrolls of identify
 g - a scroll of brand weapon {unknown}
 i - 2 scrolls of enchant armour
 k - 2 scrolls of enchant weapon
Potions
 b - a potion of magic
 h - 5 potions of curing
 j - a potion of heal wounds
 r - 2 potions of degeneration
 s - 2 potions of brilliance
 t - 4 potions of attraction
 v - a potion of might
 z - a potion of berserk rage
 A - a potion of flight
 B - a potion of cancellation


   Skills:
 + Level 5.3 Fighting
 + Level 5.9 Armour
 + Level 6.4 Dodging
 - Level 2.0 Stealth
 + Level 5.3 Spellcasting
 + Level 7.4 Conjurations
 * Level 9.5 Fire Magic
 + Level 4.9 Evocations


You had 13 spell levels left.
You knew the following spells:

 Your Spells              Type           Power      Damage    Failure   Level
a - Foxfire               Conj/Fire      100%       2x1d9     1%          1
b - Scorch                Fire           100%       2d10      1%          2
c - Conjure Flame         Conj/Fire      66%        6-21      1%          3

Your spell library contained the following spells:

 Spells                   Type           Power      Damage    Failure   Level
 Shock                    Conj/Air       100%       1d9       3%          1
 Flame Wave               Conj/Fire      66%        2d12      4%          4
 Inner Flame              Hex/Fire       31%        N/A       7%          3
 Sublimation of Blood     Necr           6%         N/A       24%         2
 Wereblood                Tmut           6%         N/A       24%         2
 Irradiate                Conj/Tmut      19%        3d19      67%         5
 Blade Hands              Tmut           3%         N/A       99%         5
 Conjure Ball Lightning   Conj/Air       19%        3x3d6     99%         6
 Dragon Form              Tmut           3%         N/A       100%        7
 Summon Hydra             Summ           3%         N/A       100%        7
 Discord                  Hex            3%         N/A       100%        8
 Disjunction              Tloc           3%         N/A       100%        8


Dungeon Overview and Level Annotations

Branches:
Dungeon (8/15)             Temple (1/1) D:5
   Lair: D:8-11

Altars:
Ashenzari
Cheibriados
Dithmenos
Elyvilon
Fedhas
Gozag
Hepliaklqana
Kikubaaqudgha
Makhleb
Nemelex Xobeh
Okawaru
Qazlal
Ru
Sif Muna
Trog
Uskayaw
Vehumet
Wu Jian
Xom
Yredelemnul
Zin
The Shining One
Beogh

Annotations:
D:6 1 runed translucent door, kae's ghost, novice TeFE
D:7 3 runed translucent doors, Saithnar's ghost, novice SpBr


Innate Abilities, Weirdness & Mutations

You have a beak for a mouth.
You have claws for feet.
Your magical nature lets you fly swiftly and evasively.
You tend to lose your temper in combat.


Message History

The polar bear bites you!
* * * LOW HITPOINT WARNING * * *
The polar bear completely misses you. x2
You hit the polar bear.
You blast the polar bear.
You claw the polar bear. Your peck misses the polar bear.
The polar bear is almost dead.
The polar bear is no longer more vulnerable to fire.
The polar bear misses you. The polar bear barely misses you.
The polar bear claws you.
* * * LOW HITPOINT WARNING * * *
The yak snorts and paws the ground.
The polar bear goes berserk!
The polar bear attacks as you move away!
The polar bear completely misses you. The polar bear claws you.
* * * LOW HITPOINT WARNING * * *
The polar bear completely misses you.
The yak snorts and paws the ground.
The polar bear attacks as you move away!
The polar bear completely misses you. The polar bear claws you.
* * * LOW HITPOINT WARNING * * *
The polar bear completely misses you.
The polar bear attacks as you move away!
The polar bear misses you. The polar bear completely misses you.
The polar bear closely misses you. The polar bear barely misses you.
The polar bear misses you. The polar bear claws you.
* * * LOW HITPOINT WARNING * * *
Okay, then.
You feel much better. The polar bear bites you!
* * * LOW HITPOINT WARNING * * *
The polar bear claws you.
* * * LOW HITPOINT WARNING * * *
The polar bear misses you.
You hit the polar bear but do no damage.
You claw the polar bear, but do no damage.
You peck the polar bear.
The polar bear is almost dead.
The polar bear misses you. The polar bear barely misses you.
The polar bear claws you but does no damage.
The polar bear bites you!!
You die...

.....# #....#.#..# .....#
#.........# .....#
#####.Y..#.#..# ....##
#.)..##.......#
....#####....##.......#
.............##.#Y....#
..[..........##.......#
##...........####h....###########
.'..............@................
##..............#####...##..#....
##..............# #.......#....
................# ##.......#....
.........####...####........#....
.....####.........##........#....
.....# #.........##.≈≈≈.........
.....# #............≈≈≈≈..#.###.
###### ##########..≈≈≈≈≈.....##'


You could see a polar bear (berserk) and a yak.

Vanquished Creatures
  A death yak (D:7)
  Pikel (D:7)
  A troll (D:7)
  Grum (D:8)
  A water moccasin (D:5)
  2 black bears
  7 ice beasts
  2 orc warriors
  3 sky beasts
  2 ogres
  5 wolves
  2 phantoms
  2 bullfrogs
  2 scorpions
  A gnoll sergeant (D:5)
  8 wights
  4 howler monkeys
  An electric eel (D:8)
  7 orc priests
  4 jellies
  A gnoll shaman (D:7)
  4 hounds
  4 iguanas
  4 orc wizards
  A centaur simulacrum (D:8)
  A killer bee simulacrum (D:8)
  Robin (D:1)
  9 adders
  14 gnolls
  6 white imps
  3 worms
  A dart slug (D:2)
  21 orcs
  6 ball pythons
  7 bats
  9 endoplasms
  15 goblins
  11 hobgoblins
  9 jackals
  7 kobolds
  7 quokkas
  5 frilled lizards
  8 rats
211 creatures vanquished.

Vanquished Creatures (others)
  670 foxfires
670 creatures vanquished.

Grand Total: 881 creatures vanquished

Notes
Turn   | Place    | Note
-------+----------+-------------------------------------------
     0 | D:1      | kae the Tengu Fire Elementalist began the quest for the
                  | Orb.
     0 | D:1      | Reached XP level 1. HP: 10/10 MP: 4/4
   281 | D:1      | Reached XP level 2. HP: 15/15 MP: 0/6
   803 | D:1      | Found a faded altar of an unknown god.
   972 | D:1      | Reached XP level 3. HP: 16/20 MP: 4/7
   975 | D:1      | Learned a level 2 spell: Scorch
   979 | D:1      | Learned a level 3 spell: Conjure Flame
  1196 | D:2      | Reached skill level 4 in Fire Magic
  1304 | D:2      | Reached skill level 1 in Fighting
  1443 | D:2      | Reached XP level 4. HP: 25/25 MP: 4/8
  1534 | D:2      | Reached skill level 1 in Armour
  1945 | D:2      | Noticed Robin
  2039 | D:1      | Killed Robin
  2436 | D:1      | Gained mutation: You tend to lose your temper in combat.
                  | [potion of mutation]
  3024 | D:3      | Gained mutation: Your magical nature lets you fly swiftly
                  | and evasively. [Tengu growth]
  3024 | D:3      | Reached XP level 5. HP: 29/29 MP: 5/9
  3368 | D:3      | Noticed a sky beast
  3413 | D:3      | Killed a sky beast
  3414 | D:3      | Reached XP level 6. HP: 15/34 MP: 1/10
  3644 | D:3      | Identified the +0 ring mail "Lipn" {Str+2}
  4135 | D:4      | Reached skill level 5 in Fire Magic
  4178 | D:4      | Found an opulent altar of Gozag.
  4180 | D:4      | Found an iron altar of Okawaru.
  4184 | D:4      | Found a broken altar of Ashenzari.
  4214 | D:4      | Identified a scroll of acquirement
  4214 | D:4      | Acquired a staff of conjuration
  5277 | D:5      | Entered Level 5 of the Dungeon
  5288 | D:5      | Reached XP level 7. HP: 40/40 MP: 8/12
  5343 | D:5      | Reached skill level 1 in Evocations
  6705 | D:5      | Reached skill level 6 in Fire Magic
  6868 | D:5      | Found a bloodstained altar of Trog.
  7006 | D:5      | Reached XP level 8. HP: 37/45 MP: 8/14
  7435 | D:5      | Found a staircase to the Ecumenical Temple.
  7460 | Temple   | Entered the Ecumenical Temple
  7615 | Temple   | Became a worshipper of Vehumet
  8616 | D:5      | Reached skill level 5 in Conjurations
  8718 | D:6      | Reached skill level 7 in Fire Magic
  8963 | D:6      | HP: 1/46 [phantom (5)]
  9175 | D:6      | Reached XP level 9. HP: 51/51 MP: 10/15
  9302 | D:6      | Found a sacrificial altar of Ru.
  9375 | D:6      | Found a runed translucent door.
  9629 | D:6      | Noticed kae's ghost (novice TeFE)
  9960 | D:7      | Reached skill level 5 in Dodging
 10061 | D:7      | Found a runed translucent gate.
 10061 | D:7      | Found a runed translucent gate.
 10061 | D:7      | Found a runed translucent gate.
 10064 | D:7      | Noticed Saithnar's ghost (novice SpBr)
 10067 | D:7      | Identified the +1 plate armour "Gawkim" {Str+5}
 10209 | D:7      | Reached * piety under Vehumet
 10209 | D:7      | Offered knowledge of Sandblast by Vehumet.
 10651 | D:7      | Reached skill level 8 in Fire Magic
 10937 | D:8      | Noticed a troll
 11010 | D:7      | Killed a troll
 11364 | D:7      | Reached skill level 5 in Armour
 11591 | D:8      | Reached XP level 10. HP: 47/58 MP: 12/18
 11787 | D:8      | Noticed Pikel
 12169 | D:7      | Killed Pikel
 12418 | D:8      | Reached skill level 5 in Spellcasting
 12503 | D:8      | Offered knowledge of Shock by Vehumet.
 12504 | D:8      | Reached skill level 9 in Fire Magic
 12507 | D:8      | Reached ** piety under Vehumet
 12508 | D:8      | Reached skill level 5 in Fighting
 12767 | D:8      | Noticed a death yak
 12860 | D:7      | Killed a death yak
 13055 | D:8      | Noticed Grum
 13305 | D:8      | Killed Grum
 13355 | D:8      | Found a snail-covered altar of Cheibriados.
 13530 | D:8      | HP: 1/59 [polar bear (3)]
 13533 | D:8      | Mangled by a polar bear

Illustrated notes

Levels and vault maps discovered:
D:1:      erik_arrival_triangle_medium, layout_rooms,
          hellmonk_ecumenical_altar_pennies_from_heaven
D:2:      layout_rooms, serial_corexii_hall, chequers_hall_statues_corner_a,
          corexii_hall_statues_s, uniq_robin
D:3:      layout_basic, minmay_fractal_squares_5
D:4:      cheibrodos_quashed, layout_cave_pods, grunt_temple_overflow_open,
          serial_column_ruins, column_ruins_open_tiny,
          column_ruins_columns_corner, column_ruins_grid_1,
          minmay_strange_pillars, chequers_serial_rivers_room_b
D:5:      layout_basic, trog_butcher_becter, temple_hall
D:6:      layout_basic, lemuel_tele_altar, ebering_ghost_reflecting_pool
D:7:      layout_loops_ring, biasface_ghost_orc_armoury
D:8:      layout_basic, kennysheep_mini, serial_ice, serial_ice_b, serial_ice_i,
          serial_ice_o, serial_ice_h, serial_ice_e, serial_ice_f, serial_ice_a,
          uniq_pikel, uniq_grum
Temple:   eino_temple_scatter_basement

Skill      XL: |  1  2  3  4  5  6  7  8  9 10 |
---------------+-------------------------------+-----
Conjurations   | 2 3 4 5 6 7 |  7.4
Fire Magic     | 4 5 6 7 8 9 |  9.5
Fighting       | 1 2 3 4 5 |  5.3
Armour         | 1 2 3 4 5 |  5.9
Dodging        | 3 4 5 6 |  6.4
Spellcasting   | 3 4 5 |  5.3
Evocations     | 2 3 4 |  4.9
Stealth        | |  2.0

Action                   |  1- 3 |  4- 6 |  7- 9 | 10-12 || total
-------------------------+-------+-------+-------+-------++-------
Melee: Dagger            |       |     7 |       |       ||     7
       Kick              |       |     5 |    18 |     8 ||    31
       Peck              |       |     2 |    10 |     4 ||    16
       Staff             |       |       |    55 |    14 ||    69
 Cast: Foxfire           |    84 |   134 |   130 |    47 ||   395
       Scorch            |       |     8 |    85 |    42 ||   135
       Conjure Flame     |       |       |     8 |     5 ||    13
  Use: Potion            |       |     3 |     3 |     1 ||     7
       Scroll            |       |    11 |     8 |     1 ||    20
Armor: Robe              |     2 |    13 |       |       ||    15
       Ring mail         |       |     1 |    40 |    12 ||    53
Dodge: Dodged            |     5 |    57 |   137 |   116 ||   315

Table legend: (Time is in decaauts)
 A = Elapsed time spent in this place.
 B = Non-inter-level travel time spent in this place.
 C = Inter-level travel time spent in this place.
 D = Time resting spent in this place.
 E = Time spent auto-exploring this place.
 F = Levels seen in this place.
 G = Mean time per level.
                   A        B        C        D        E       F      G
               +--------+--------+--------+--------+--------+-----+--------+
         Total |  13152 |  12782 |    370 |   2683 |   7951 |   9 | 1461.3 |
       Dungeon |  12995 |  12669 |    326 |   2683 |   7852 |   8 | 1624.4 |
        Temple |    156 |    112 |     44 |      0 |     99 |   1 |  156.0 |
               +--------+--------+--------+--------+--------+-----+--------+

Top non-repeatable levels by time:
     D:5: 2730 daAuts
     D:7: 2587 daAuts
     D:1: 1744 daAuts
     D:4: 1516 daAuts
     D:6: 1391 daAuts
     D:3: 1249 daAuts
     D:2: 1029 daAuts
     D:8: 747 daAuts
  Temple: 156 daAuts
